 Dungeon Crawl Stone Soup version 0.31-a0-364-gb59cdcccf2 (webtiles) character file.

Game seed: 5315454341183248663

576266 HoaS the Slayer (level 24, -15/245 HPs)
             Began as a Demigod Hunter on July 17, 2023.
             Killed from afar by an orb of fire (65 damage)
             ... with a fireball
             ... on level 2 of the Realm of Zot on July 28, 2023.
             The game lasted 04:28:55 (67396 turns).

HoaS the Slayer (Demigod Hunter)                   Turns: 67396, Time: 04:28:56

Health: -15/245    AC: 21    Str: 16    XL:     24   Next: 56%
Magic:  36/36      EV: 76    Int: 10    God:
Gold:   6697       SH:  0    Dex: 63    Spells: 23/23 levels left

rFire   . . .        L - +9 longbow of Certain Death {heavy, Drain rElec Will+}
rCold   + . .        (shield currently unavailable)
rNeg    . . .        s - +5 steam dragon scales
rPois   .            I - +1 helmet {SInv}
rElec   +            c - +2 cloak {Stlth+}
rCorr   .            y - +2 pair of gloves
SInv    +            C - +2 pair of boots
Will    +++..        B - amulet of Lady Luck {Faith rC+ MP+9 Dex+5}
Stlth   ++++++       a - +6 ring of dexterity
HPRegen 0.60/turn    x - +6 ring of dexterity
MPRegen 0.25/turn

%: faith
@: lethally poisoned (-15 -> -27), studying 3 skills
A: high MP 1, forlorn, divine attributes, clumsy 1, electricity resistance,
strong 1
}: 3/15 runes: barnacled, silver, gossamer
a: no special abilities


You were on level 2 of the Realm of Zot.
You visited 11 branches of the dungeon, and saw 48 of its levels.
You visited 1 bazaar.
You also visited: Ossuary and Bailey.

You collected 8663 gold pieces.
You spent 1966 gold pieces at shops.

Inventory:

Hand Weapons
 L - the +9 longbow of Certain Death (weapon) {heavy, Drain rElec Will+}
   (You took it off a vault warden on level 5 of the Vaults)

   rElec:     It insulates you from electricity.
   Drain:     It drains your maximum health when unequipped.
   Will:      It increases your willpower.
Armour
 c - a +2 cloak of stealth (worn)
 s - +5 steam dragon scales (worn)
 y - a +2 pair of gloves (worn)
 C - a +2 pair of boots (worn)
 I - a +1 helmet of see invisible (worn)
Jewellery
 a - a +6 ring of dexterity (left hand)
 k - a ring of resist corrosion
 o - a ring of positive energy
 u - the ring "Nosm" {*Corrode rElec rN+ Int+5}
   (You took it off a white draconian on level 1 of the Realm of Zot)

   [ring of positive energy]

   Int:       It affects your intelligence (+5).
   rElec:     It insulates you from electricity.
   rN:        It protects you from negative energy.
   *Corrode:  It may corrode you when you take damage.
 v - the ring of Qaexusy Toun {rF+ Will+ AC+4 Dex+3 Slay+2}
   (You took it off a spriggan berserker on level 4 of the Depths)

   [ring of protection]

   AC:        It affects your AC (+4).
   Dex:       It affects your dexterity (+3).
   Slay:      It affects your accuracy & damage with ranged weapons and melee
   (+2).
   rF:        It protects you from fire.
   Will:      It increases your willpower.
 x - a +6 ring of dexterity (right hand)
 A - a ring of willpower
 B - the amulet of Lady Luck (around neck) {Faith rC+ MP+9 Dex+5}
   (You took it off a fire giant on level 1 of the Realm of Zot)

   [amulet of faith]

   It allows you to gain divine favour quickly.
   Dex:       It affects your dexterity (+5).
   rC:        It protects you from cold.
   MP:        It affects your magic capacity (+9).
 F - a ring of see invisible
 N - the ring "Keafolih" {Ice rN+ Str+4}
   (You took it off a deep elf blademaster on level 3 of the Elven Halls)

   [ring of ice]

   It enhances your ice magic.
   Str:       It affects your strength (+4).
   rF:        It makes you vulnerable to fire.
   rC:        It protects you from cold.
   rN:        It protects you from negative energy.
 R - the ring "Fosotiuch" {Fly rCorr Int+3}
   (You found it on level 3 of the Crypt)

   [ring of flight]

   Int:       It affects your intelligence (+3).
   Fly:       It grants you flight.
   rCorr:     It protects you from acid and corrosion.
 S - the ring of the Traitor {rF+ rN+ Will+}
   (You took it off an ancient champion on level 3 of the Crypt)

   [ring of protection from fire]

   rF:        It protects you from fire.
   rN:        It protects you from negative energy.
   Will:      It increases your willpower.
 T - a ring of protection from cold
 V - the amulet "Dusousse" {Reflect Regen+ SH+5}
   (You found it on level 3 of the Elven Halls)

   [amulet of reflection]

   It reflects blocked missile attacks.
   Regen:     It increases your rate of health regeneration.
   SH:        It affects your SH (+5).
Wands
 t - a wand of digging (6)
Scrolls
 b - 6 scrolls of revelation
 g - 6 scrolls of blinking
 m - 4 scrolls of fog
 p - 4 scrolls of fear
 q - 10 scrolls of immolation
 w - 16 scrolls of teleportation
 z - a scroll of enchant weapon
 D - 9 scrolls of poison
 H - a scroll of brand weapon
 O - 2 scrolls of silence
 Q - 2 scrolls of summoning
Potions
 d - 8 potions of enlightenment
 e - 8 potions of attraction
 f - 31 potions of curing
 h - 5 potions of cancellation
 i - 10 potions of mutation
 l - 3 potions of haste
 n - 13 potions of ambrosia
 r - 10 potions of lignification
 E - 3 potions of resistance
 K - 3 potions of invisibility


   Skills:
 * Level 25.9 Fighting
 + Level 25.8 Ranged Weapons
 * Level 25.7 Dodging
 - Level 0.8 Stealth


You had 23 spell levels left.
You didn't know any spells.
Your spell library contained the following spells:

 Spells                   Type           Power      Damage    Failure   Level
 Foxfire                  Conj/Fire      0%         2x1d4     36%         1
 Freeze                   Ice            0%         1d3       36%         1
 Kiss of Death            Conj/Necr      0%         2d5       36%         1
 Magic Dart               Conj           0%         1d3       36%         1
 Necrotise                Necr           0%         1d4       36%         1
 Shock                    Conj/Air       0%         1d3       36%         1
 Sting                    Tmut/Pois      0%         1d3       36%         1
 Summon Small Mammal      Summ           0%         N/A       36%         1
 Cigotuvi's Dreadful Rot  Necr/Pois/Air  0%         N/A       50%         2
 Ensorcelled Hibernation  Hex/Ice        0%         N/A       50%         2
 Lesser Beckoning         Tloc           0%         N/A       50%         2
 Poisonous Vapours        Pois/Air       0%         N/A       50%         2
 Scorch                   Fire           0%         2d5       50%         2
 Static Discharge         Conj/Air       0%         2-2/arc   50%         2
 Sublimation of Blood     Necr           0%         N/A       50%         2
 Wereblood                Tmut           0%         N/A       50%         2
 Call Canine Familiar     Summ           0%         N/A       75%         3
 Dazzling Flash           Conj/Hex       0%         N/A       75%         3
 Frozen Ramparts          Ice            0%         1d1       75%         3
 Gell's Gravitas          Tloc           0%         N/A       75%         3
 Hailstorm                Conj/Ice       0%         3d3       75%         3
 Ignite Poison            Fire/Tmut/Pois 0%         N/A       75%         3
 Inner Flame              Hex/Fire       0%         N/A       75%         3
 Ozocubu's Armour         Ice            0%         N/A       75%         3
 Portal Projectile        Hex/Tloc       0%         N/A       75%         3
 Stone Arrow              Conj/Erth      0%         3d7       75%         3
 Summon Guardian Golem    Hex/Summ       0%         N/A       75%         3
 Swiftness                Air            0%         N/A       75%         3
 Teleport Other           Tloc           0%         N/A       75%         3
 Vampiric Draining        Necr           0%         2d6       75%         3
 Vhi's Electric Charge    Tloc/Air       0%         N/A       75%         3
 Volatile Blastmotes      Fire/Tloc      0%         2d10      75%         3
 Airstrike                Air            0%         2d(0-16)  98%         4
 Anguish                  Hex/Necr       0%         N/A       98%         4
 Animate Armour           Summ/Erth      0%         N/A       98%         4
 Animate Dead             Necr           0%         N/A       98%         4
 Cause Fear               Hex            0%         N/A       98%         4
 Flame Wave               Conj/Fire      0%         2d4       98%         4
 Fulminant Prism          Conj/Hex       0%         3d5       98%         4
 Iskenderun's Mystic Bla  Conj/Tloc      0%         2d3       98%         4
 Leda's Liquefaction      Hex/Erth       0%         N/A       98%         4
 Manifold Assault         Tloc           0%         N/A       98%         4
 Olgreb's Toxic Radiance  Pois           0%         N/A       98%         4
 Sticky Flame             Conj/Fire      0%         2d3       98%         4
 Summon Lightning Spire   Summ/Air       0%         N/A       98%         4
 Agony                    Necr           0%         N/A       100%        5
 Alistair's Intoxication  Tmut/Pois      0%         N/A       100%        5
 Arcjolt                  Conj/Air       0%         1d10      100%        5
 Borgnjor's Vile Clutch   Necr/Erth      0%         N/A       100%        5
 Fireball                 Conj/Fire      0%         3d3       100%        5
 Freezing Cloud           Conj/Ice/Air   0%         6-21      100%        5
 Iskenderun's Battlesphe  Conj           0%         2d6       100%        5
 Lee's Rapid Deconstruct  Erth           0%         3d4*      100%        5
 Metabolic Englaciation   Hex/Ice        0%         N/A       100%        5
 Conjure Ball Lightning   Conj/Air       0%         3x3d6     100%        6
 Dispersal                Tloc           0%         N/A       100%        6
 Eringya's Noxious Bog    Tmut/Pois      0%         4d6       100%        6
 Leda's Unmaking          Conj/Erth      0%         9d1       100%        6
 Plasma Beam              Fire/Air       0%         2x1d10    100%        6
 Simulacrum               Ice/Necr       0%         N/A       100%        6
 Starburst                Conj/Fire      0%         6d3       100%        6
 Enfeeble                 Hex            0%         N/A       100%        7
 Haunt                    Necr/Summ      0%         N/A       100%        7
 Orb of Destruction       Conj           0%         9d5       100%        7
 Spellforged Servitor     Conj/Summ      0%         N/A       100%        7
 Summon Hydra             Summ           0%         N/A       100%        7
 Disjunction              Tloc           0%         N/A       100%        8
 Infestation              Necr           0%         N/A       100%        8
 Maxwell's Capacitive Co  Air            0%         ∞         100%        8
 Chain Lightning          Conj/Air       0%         N/A       100%        9
 Dragon's Call            Summ           0%         N/A       100%        9
 Fire Storm               Conj/Fire      0%         5d1       100%        9
 Shatter                  Erth           0%         3d5*      100%        9


Dungeon Overview and Level Annotations

Branches:
Dungeon (15/15)            Temple (0/1) D:6            Lair (5/5) D:9
 Shoals (4/4) Lair:3       Spider (4/4) Lair:3        Slime (0/5) Lair:5
    Orc (2/2) D:11            Elf (3/3) Orc:2        Vaults (5/5) D:13
  Crypt (3/3) Vaults:2       Tomb (0/3) Crypt:3      Depths (4/4) D:15
   Hell (visited)             Zot (2/5) Depths:4    Ossuary (visited)
 Bailey (visited)
    Dis: Hell:1         Geh: Hell:1         Coc: Hell:1         Tar: Hell:1

Shops:
D:5 ?   D:10 !   Orc:2 *(:[[   Depths:1 :=*?   Depths:3 !   Depths:4 [

Portals:
Hell: Depths:1 Depths:2 Depths:3 Depths:4
Abyss: Lair:5 Shoals:1 Depths:1 Depths:3
Pandemonium: Depths:2
Ziggurat: Depths:4

Annotations:
Crypt:1 2 transporters, Dassydak's ghost, adept GrFi
Hell Geryon


Innate Abilities, Weirdness & Mutations

You have an increased reservoir of magic. (+10% MP)
You shall have no god before yourself.
Your divine heritage dramatically boosts your attributes as you level up.
You are clumsy. (Dex -2)
You are resistant to electric shocks. (rElec)
Your muscles are strong. (Str +4, Int/Dex -1)


Message History

An orb of fire comes into view.
You shoot an arrow. The arrow hits the orb of fire!!!
The orb of fire is severely damaged.
You feel extremely sick.
The orb of fire glows yellow.
The bolt of fire hits the orb of fire but does no damage.
The bolt of fire misses you.
You shoot an arrow.
The arrow barely misses the orb of fire.
You feel extremely sick.
The orb of fire emits a lurid red light.
The fireball explodes!
The fireball engulfs you!!!
You are too injured to fight recklessly!
You are too injured to fight recklessly!
You are too injured to fight recklessly!
You are too injured to fight recklessly!
You are too injured to fight recklessly!
You are too injured to fight recklessly!
You are too injured to fight recklessly!
Fire: L) +9 longbow of Certain Death {heavy, Drain rElec Will+}
Press: ? - help, Q - select action Shift-Dir - straight line, f/p - orb of fire
Aim: an orb of fire (severely damaged, 73% to hit)
You shoot an arrow.
The arrow closely misses the orb of fire.
The arrow hits the orb of fire!!!!
The orb of fire is severely damaged.
You feel extremely sick.
The orb of fire glows yellow.
The fireball explodes!
The fireball engulfs you!!!
* * * LOW HITPOINT WARNING * * *
Fire: L) +9 longbow of Certain Death {heavy, Drain rElec Will+}
Press: ? - help, Q - select action Shift-Dir - straight line, f/p - orb of fire
Aim: an orb of fire (severely damaged, 73% to hit)
You shoot an arrow. The arrow hits the orb of fire!
The orb of fire is severely damaged.
You feel very sick.
The orb of fire glows yellow.
The fireball explodes!
The fireball engulfs the orb of fire.
The orb of fire completely resists.
The fireball engulfs you!!!
You die...

≈≈§ #..[...............
..≈§ #..................
§.§≈§#.................#
§≈§.§#..)..............#
§§≈...#................#
§§≈≈q.)*...............#
≈≈≈≈≈##[..............#
≈≈≈ #*..............# q
#@......###.†...#
##......# #.....#
#......###.....#
##..(...##.....#
#...##.##..)..#
#.).##.....#.##
#...######.#.# #...#
#.#.### #...######.#....


You could see 2 orbs of fire.

Vanquished Creatures
  A dread lich (Vaults:5)
  2 ancient liches
  Mara (Vaults:2)
  An orb of fire (Depths:4)
  Mennas (Vaults:4)
  A juggernaut (Depths:4)
  Sojobo (Depths:4)
  Bai Suzhen (Depths:1)
  Frederick (Vaults:3)
  Saint Roka (Elf:2)
  Margery (Vaults:2)
  3 golden dragons (Zot:1)
  A curse toe (Crypt:3)
  A caustic shrike (Depths:4)
  An electric golem (Zot:1)
  Arachne (Spider:4)
  An iron giant (Depths:3)
  8 tentacled monstrosities
  Zenata (Vaults:2)
  Asterion (Vaults:2)
  A walking crystal tome (Depths:3)
  A walking earthen tome (Depths:3)
  7 titans
  2 walking divine tomes (Depths:4)
  4 liches
  Gastronok (D:11)
  2 deep elf master archers (Elf:3)
  9 ancient champions
  5 krakens (Shoals:2)
  4 deep elf blademasters (Elf:3)
  6 death cobs
  Frances (Shoals:2)
  Murray (Depths:1)
  4 quicksilver dragons
  4 sphinxes
  9 tengu reavers
  8 shadow dragons
  4 storm dragons
  Roxanne (Elf:1)
  A revenant (Crypt:1)
  A draconian monk (Zot:1)
  Ilsuiw (Shoals:2)
  5 draconian knights
  17 fire giants
  Donald (Shoals:4)
  An azure jelly (Elf:1)
  9 emperor scorpions
  8 deep elf sorcerers
  2 draconian scorchers
  13 frost giants
  3 balrugs
  2 iron dragons
  14 vault wardens
  7 ghost moths
  12 ghouls
  4 war gargoyles
  3 orc warlords
  3 draconian shifters
  7 deep elf elementalists
  3 spriggan defenders (Depths:4)
  2 broodmothers
  A draconian stormcaller (Zot:1)
  25 ironbound preservers
  3 draconian annihilators
  27 very ugly things
  A reaper (Hell)
  The ghost of initializr the Unseen, an adept VSMo of Uskayaw (Spider:2)
  Nessos (Orc:2)
  21 stone giants
  3 ironbound thunderhulks
  The ghost of Pelmeshek the Severer, a journeyman MiFi of Okawaru (Lair:5)
  5 caustic shrike skeletons
  6 deep elf annihilators (Elf:3)
  5 green draconians
  A bunyip (shapeshifter) (Vaults:2)
  13 vampire knights
  3 white draconians (Zot:1)
  8 deep elf demonologists
  2 purple draconians (Zot:1)
  3 black draconians (Zot:1)
  4 yellow draconians (Zot:1)
  2 red draconians (Zot:1)
  11 dire elephants
  12 spark wasps
  A blizzard demon (Depths:1)
  6 eidola
  8 entropy weavers
  16 ettins
  5 merfolk javelineers (Shoals:4)
  17 fire dragons
  11 deep elf death magi
  4 jiangshi
  A quicksilver dragon zombie (Crypt:2)
  A salamander tyrant (Depths:3)
  12 merfolk impalers
  9 deep elf high priests
  8 great orbs of eyes
  10 ice dragons
  3 hydras (Lair:5)
  2 rakshasas (Depths:1)
  19 yaktaur captains
  A quicksilver dragon skeleton (Crypt:3)
  37 vault guards
  A bennu zombie (Crypt:3)
  A caustic shrike simulacrum (Depths:3)
  A peacekeeper (Vaults:2)
  3 spriggan skeletons
  3 radroaches
  8 centaur warriors
  5 spriggan air magi
  A fenstrider witch skeleton (Crypt:2)
  3 death knights
  An ogre mage (Vaults:4)
  3 merfolk avatars
  4 ironbound frosthearts
  2 catoblepae
  2 merfolk aquamancers
  An alligator (shapeshifter) (Vaults:5)
  11 boulder beetles
  13 tengu warriors
  29 dancing weapons
  8 two-headed ogres
  The ghost of zurenarrh the Grappler, a novice TrSh of Gozag (D:9)
  5 deep troll shamans
  8 death yaks
  6 demonic crawlers
  A death scarab (Spider:2)
  13 vampire magi
  A bennu skeleton (Crypt:1)
  10 deep troll earth magi
  3 orc high priests
  Urug (D:13)
  2 thrashing horrors (Lair:5)
  The ghost of discopopstar the Thaumaturge, a journeyman DECj of Makhleb (D:10)
  4 soul eaters
  4 spriggan berserkers
  A sun demon (Depths:3)
  4 iron trolls
  15 deep elf knights
  3 titan skeletons (Crypt:3)
  11 hell knights
  3 shadow wraiths
  53 skeletal warriors
  3 salamander mystics (Depths:3)
  5 skysharks
  A storm dragon skeleton (Depths:3)
  A bunyip zombie (Crypt:2)
  16 sea snakes
  The ghost of MirrMurr the Skirmisher, a novice SpHu of Okawaru (D:9)
  6 pharaoh ants
  2 death drakes (shapeshifter) (Lair:5)
  8 orb spiders
  A spark wasp zombie (Depths:2)
  7 flayed ghosts
  53 deep trolls
  An obsidian statue (D:10)
  3 bog bodies
  A sun moth (Spider:4)
  8 deep elf archers
  A glowing orange brain (shapeshifter) (Elf:1)
  A bunyip skeleton (Crypt:3)
  3 glowing orange brains
  7 lindwurms
  13 wizards
  14 orc knights
  A harpy (shapeshifter) (D:15)
  A sphinx zombie (D:15)
  25 deep elf zephyrmancers
  9 steelbarb worms
  13 phantasmal warriors
  14 necromancers
  9 ironbound convokers
  A shadow dragon skeleton (Vaults:4)
  10 harpies
  An iron dragon zombie (Crypt:3)
  10 deep elf pyromancers
  A golden dragon skeleton (Crypt:3)
  18 wolf spiders
  7 orc sorcerers
  A manticore (shapeshifter) (Vaults:2)
  4 fauns
  A frost giant zombie (Crypt:2)
  A sphinx skeleton (Vaults:2)
  2 tengu skeletons (Vaults:4)
  7 salamanders (Depths:3)
  A wolf spider (shapeshifter) (Vaults:2)
  An iron dragon skeleton (Crypt:1)
  37 ugly things
  7 cyclopes
  A fire giant skeleton (D:15)
  19 manticores
  3 elephants (Lair:3)
  A centaur zombie (Crypt:2)
  14 merfolk sirens
  A rust devil (Depths:1)
  3 stone giant skeletons
  10 moths of wrath
  9 black mambas
  A guardian serpent (shapeshifter) (Vaults:5)
  A black mamba (shapeshifter) (D:14)
  15 vault sentinels
  2 water nymphs (Shoals:4)
  A smoke demon (Lair:5)
  A naga zombie (Crypt:2)
  11 cane toads
  3 naga skeletons (Crypt:3)
  10 torpor snails
  2 gargoyles
  An unseen horror (D:13)
  3 centaur skeletons
  29 yaktaurs
  The ghost of Sapher the Insei, a novice OpSh of Cheibriados (D:6)
  7 komodo dragons
  7 rime drakes
  11 freezing wraiths
  A kobold demonologist (D:10)
  9 tengu conjurers
  A yaktaur zombie (Vaults:3)
  3 harpy zombies
  A hellwing (Depths:2)
  9 trolls
  A meliai (shapeshifter) (Lair:5)
  A yaktaur skeleton (Vaults:2)
  2 polar bears
  3 meliai (D:13)
  31 merfolk
  A moth of wrath zombie (Crypt:3)
  3 wind drakes
  10 hornets
  26 tarantellas
  A raiju (Lair:5)
  2 harpy skeletons (Crypt:3)
  A wolf spider simulacrum (D:14)
  2 tarantellas (shapeshifter)
  9 dream sheep
  A jumping spider zombie (Crypt:1)
  23 blink frogs
  An ettin zombie (D:15)
  A hydra skeleton (Crypt:3)
  21 slime creatures
  36 jumping spiders
  A human simulacrum (Vaults:3)
  A stone giant simulacrum (Vaults:3)
  A centaur simulacrum (Crypt:1)
  10 flying skulls
  12 snapping turtles
  An alligator zombie (Crypt:3)
  3 ettin skeletons (Crypt:3)
  14 culicivoras
  11 wraiths
  8 air elementals
  A slime creature (shapeshifter) (Depths:1)
  4 spriggans
  24 water elementals
  5 shadows
  A dire elephant simulacrum (Crypt:2)
  3 ynoxinuls (Lair:5)
  A basilisk (Lair:4)
  A black mamba skeleton (Crypt:3)
  2 deep troll skeletons
  42 yaks
  A yak (shapeshifter) (D:14)
  2 wyverns
  A golden eye (shapeshifter) (D:15)
  5 large abominations
  4 fire elementals
  5 vampire mosquitoes
  3 steam dragons
  A fire bat zombie (Crypt:2)
  66 redbacks
  5 wargs
  A harpy simulacrum (Crypt:2)
  A hydra simulacrum (Crypt:1)
  A two-headed ogre zombie (Crypt:3)
  A deep troll zombie (Crypt:2)
  10 water moccasins
  2 floating eyes (Depths:4)
  A cane toad zombie (Crypt:1)
  An ogre skeleton (Vaults:3)
  A sky beast (D:7)
  A water nymph skeleton (Crypt:3)
  6 ice beasts
  34 orc warriors
  3 black bears
  4 wolves (Lair:5)
  A hog zombie (Crypt:2)
  17 ogres
  7 human skeletons
  7 centaurs
  2 phantoms (D:5)
  2 human zombies
  2 elf zombies (Elf:1)
  2 kobold brigands
  11 bullfrogs
  A gnoll sergeant (D:8)
  4 necrophages
  4 earth elementals
  2 scorpions
  27 wights
  7 small abominations (Lair:5)
  A killer bee (shapeshifter) (Vaults:5)
  13 killer bees
  10 vampire bats
  2 howler monkeys
  7 electric eels
  2 lava snakes (D:14)
  8 wolf zombies
  6 hounds
  4 jellies
  Crazy Yiuf (D:7)
  2 gnoll boudas
  12 orc priests
  A black bear skeleton (Crypt:2)
  Ijyb (D:4)
  18 orc wizards
  A sky beast zombie (Crypt:1)
  A killer bee simulacrum (D:6)
  8 mummies (Ossuary)
  6 gnolls
  9 adders
  2 shadow imps
  A steam dragon skeleton (Crypt:1)
  6 white imps
  2 howler monkey simulacra (D:6)
  2 ufetubi
  2 worms
  6 dart slugs
  90 orcs
  A bat skeleton (D:4)
  4 bat zombies (D:4)
  3 endoplasms
  2 giant cockroaches
  2 gnoll zombies (Ossuary)
  4 goblins
  9 hobgoblins
  6 quokkas
  5 ball pythons
  4 bats (D:1)
  8 frilled lizards
  A hobgoblin skeleton (Crypt:1)
  4 hobgoblin zombies (Ossuary)
  17 kobolds
  2 kobold zombies (Ossuary)
  15 orc zombies
  7 rats
  A lurking horror (Shoals:1)
  15 tentacles (Shoals:2)
2244 creatures vanquished.

Vanquished Creatures (others)
  An ogre mage (Vaults:5)
  A merfolk aquamancer (Shoals:4)
  3 deep elf knights (Elf:2)
  An ironbound convoker (Vaults:5)
  A deep elf pyromancer (Elf:2)
  A freezing wraith (Vaults:5)
  An orc warrior (Vaults:5)
  46 tentacles (Shoals:2)
55 creatures vanquished.

Grand Total: 2299 creatures vanquished

Notes
Turn   | Place    | Note
-------+----------+-------------------------------------------
     0 | D:1      | HoaS the Demigod Hunter began the quest for the Orb.
     0 | D:1      | Reached XP level 1. HP: 17/17 MP: 3/3
   169 | D:1      | Upgraded the game from 0.31-a0-319-g4fced400ed to
                  | 0.31-a0-345-g1ebeae05c6
   463 | D:1      | Reached XP level 2. HP: 24/24 MP: 4/4
  1270 | D:2      | Reached XP level 3. HP: 19/29 MP: 5/5
  1323 | D:2      | Identified a scroll of acquirement
  1323 | D:2      | Acquired a manual of Dodging
  1550 | D:2      | Reached skill level 5 in Ranged Weapons
  1869 | D:3      | Reached XP level 4. HP: 31/36 MP: 6/6
  2710 | D:4      | Found a sand-covered staircase.
  2717 | Ossuary  | Entered an ossuary
  2830 | Ossuary  | Reached XP level 5. HP: 41/41 MP: 7/7
  3233 | D:4      | Noticed Ijyb
  3247 | D:4      | Reached XP level 6. HP: 43/48 MP: 8/8
  3247 | D:4      | Paralysed by Ijyb for 5 turns
  3256 | D:4      | Killed Ijyb
  4044 | D:5      | Entered Level 5 of the Dungeon
  4076 | D:5      | Found Nuonuas's Magic Scroll Emporium.
  4124 | D:5      | Bought a scroll of teleportation for 39 gold pieces
  4124 | D:5      | Bought a scroll of teleportation for 39 gold pieces
  4124 | D:5      | Bought a scroll of enchant weapon for 97 gold pieces
  4133 | D:5      | Reached XP level 7. HP: 53/53 MP: 9/9
  4764 | D:5      | Reached XP level 8. HP: 60/60 MP: 10/10
  4899 | D:6      | Found a runed translucent gate.
  4899 | D:6      | Found a runed translucent gate.
  4899 | D:6      | Found a runed translucent gate.
  4916 | D:6      | Reached skill level 10 in Ranged Weapons
  4978 | D:6      | Noticed Sapher's ghost (novice OpSh)
  5093 | D:6      | Found a staircase to the Ecumenical Temple.
  6319 | D:7      | Noticed a hornet
  6453 | D:8      | Found a flagged portal.
  6464 | Bailey   | Entered a bailey
  6543 | Bailey   | Reached XP level 9. HP: 53/67 MP: 11/11
  7072 | Bailey   | Noticed a gargoyle
  8728 | D:9      | Found a runed translucent gate.
  8728 | D:9      | Found a runed translucent gate.
  8730 | D:9      | Found a runed translucent gate.
  8733 | D:9      | Noticed zurenarrh's ghost (novice TrSh)
  8733 | D:9      | Noticed MirrMurr's ghost (novice SpHu)
  8789 | D:9      | Found a staircase to the Lair.
  8791 | D:9      | Identified the ring "Muemm" {rPois rC+ rN+ Will- Dex+5}
  8940 | D:9      | Reached XP level 10. HP: 73/73 MP: 13/13
  8998 | D:9      | Noticed a blizzard demon
  9001 | D:9      | Noticed a smoke demon
  9501 | D:7      | Found a runed translucent door.
  9502 | D:7      | Noticed Crazy Yiuf
  9958 | D:7      | Killed Crazy Yiuf
 10065 | D:6      | Killed Sapher's ghost
 10420 | Lair:1   | Entered Level 1 of the Lair of Beasts
 10509 | Lair:1   | Reached skill level 15 in Ranged Weapons
 11241 | Lair:1   | Reached XP level 11. HP: 77/80 MP: 14/14
 11742 | Lair:1   | Reached skill level 5 in Dodging
 12532 | Lair:3   | Noticed a skyshark
 12793 | Lair:4   | Reached skill level 5 in Fighting
 12903 | Lair:4   | Reached skill level 10 in Dodging
 13017 | Lair:4   | Noticed a boulder beetle
 13031 | Lair:4   | Killed a boulder beetle
 13785 | Lair:4   | Reached XP level 12. HP: 96/96 MP: 15/15
 13812 | Lair:4   | Found the +8 whip "Snakebite" {venom, curare, rPois}
 14254 | Lair:3   | Found a hole to the Spider Nest.
 14915 | Lair:3   | Found a staircase to the Shoals.
 15300 | D:9      | Killed MirrMurr's ghost
 15308 | D:9      | Killed zurenarrh's ghost
 15555 | Lair:5   | Entered Level 5 of the Lair of Beasts
 15555 | Lair:5   | Noticed a catoblepas
 15607 | Lair:5   | Found a runed translucent gate.
 15608 | Lair:5   | Found a runed translucent gate.
 15608 | Lair:5   | Found a runed translucent gate.
 15608 | Lair:5   | Noticed a 12-headed hydra
 15608 | Lair:5   | Noticed a ten-headed hydra
 15678 | Lair:5   | Killed a catoblepas
 15937 | Lair:5   | Reached XP level 13. HP: 86/108 MP: 16/16
 16092 | Lair:5   | Found a staircase to the Slime Pits.
 16170 | Lair:5   | Reached skill level 15 in Dodging
 16429 | Lair:5   | Found a one-way gate to the infinite horrors of the Abyss.
 16796 | Lair:5   | Identified the ring "Pooch" {Int+3 Slay+4}
 16978 | Lair:5   | Noticed Pelmeshek's ghost (journeyman MiFi)
 17297 | D:10     | Entered Level 10 of the Dungeon
 17432 | D:10     | Found Pyuz's Distillery.
 17436 | D:10     | Bought a potion of haste for 160 gold pieces
 17436 | D:10     | Bought a potion of curing for 48 gold pieces
 17436 | D:10     | Bought a potion of curing for 48 gold pieces
 17790 | D:10     | Found a runed translucent gate.
 17804 | D:10     | Found a runed translucent gate.
 17805 | D:10     | Found a runed translucent gate.
 17807 | D:10     | Noticed discopopstar's ghost (journeyman DECj)
 18003 | D:10     | Reached skill level 10 in Fighting
 18184 | D:11     | Noticed Gastronok
 18193 | D:11     | Killed Gastronok
 18311 | D:11     | Found a staircase to the Orcish Mines.
 19421 | Orc:1    | Entered Level 1 of the Orcish Mines
 19562 | Orc:2    | Entered Level 2 of the Orcish Mines
 19656 | Orc:2    | Reached XP level 14. HP: 106/125 MP: 17/17
 20834 | Orc:2    | Noticed an orc warlord
 20834 | Orc:2    | Noticed Nessos
 20834 | Orc:2    | Found Gomiunoxt's General Store.
 20867 | Orc:2    | Found Fuymul's Antique Weapon Shoppe.
 20887 | Orc:2    | Killed Nessos
 20943 | Orc:2    | Found Qugreini's Book Shop.
 20975 | Orc:2    | Found a staircase to the Elven Halls.
 20987 | Orc:2    | Found Rafucloung's Armour Emporium.
 21027 | Orc:2    | Paralysed by an orc sorcerer for 3 turns
 21075 | Orc:2    | Bought a potion of curing for 42 gold pieces
 21353 | Orc:2    | Found Ozohog's Antique Armour Boutique.
 21661 | D:10     | Killed discopopstar's ghost
 21738 | D:10     | Identified the staff "Rirelost" {Fragile rPois rC- rCorr
                  | Dex+8 Poison}
 22535 | D:13     | Noticed Urug
 22540 | D:13     | Killed Urug
 22797 | D:13     | Identified the +5 halberd "Fouf" {heavy, rElec}
 22804 | D:13     | Found a gate to the Vaults.
 22925 | D:14     | Reached skill level 15 in Fighting
 23479 | D:14     | Identified the +6 dagger of Cugguz {holy, rElec Int+3
                  | Dex+2}
 23571 | D:14     | Reached XP level 15. HP: 143/143 MP: 18/18
 23636 | D:15     | Entered Level 15 of the Dungeon
 23809 | D:15     | Found a staircase to the Depths.
 23927 | D:15     | Noticed a fire giant
 24057 | D:15     | Killed a fire giant
 24695 | Spider:1 | Entered Level 1 of the Spider Nest
 24869 | Spider:1 | Upgraded the game from 0.31-a0-345-g1ebeae05c6 to
                  | 0.31-a0-354-g827e0957a7
 26435 | Spider:2 | Found a transporter.
 26435 | Spider:2 | Noticed initializr's ghost (adept VSMo)
 26438 | Spider:2 | Found a transporter.
 27420 | Lair:5   | Killed Pelmeshek's ghost
 27583 | Lair:5   | Identified the +4 war axe "Yhomparo" {freeze, rElec Dex+6}
 27949 | Spider:3 | Reached XP level 16. HP: 131/152 MP: 19/19
 28746 | Spider:4 | Entered Level 4 of the Spider Nest
 29299 | Spider:4 | Got the Compendium of Gusts
 29329 | Spider:4 | Noticed Arachne
 29350 | Spider:4 | Killed Arachne
 30636 | Spider:4 | Got a gossamer rune of Zot
 31012 | Shoals:1 | Entered Level 1 of the Shoals
 31059 | Shoals:1 | Found the +3 Elemental Staff {rElec rF+ rC+ AC+3}
 31799 | Shoals:2 | Noticed a kraken
 31799 | Shoals:2 | Noticed a kraken
 31799 | Shoals:2 | Noticed a kraken
 31799 | Shoals:2 | Noticed a kraken
 31804 | Shoals:1 | Upgraded the game from 0.31-a0-354-g827e0957a7 to
                  | 0.31-a0-355-g57cb03d3e8
 31853 | Shoals:2 | Killed a kraken
 31866 | Shoals:2 | Killed a kraken
 31885 | Shoals:2 | Killed a kraken
 31886 | Shoals:2 | Reached XP level 17. HP: 163/163 MP: 20/20
 32313 | Shoals:2 | Noticed Ilsuiw
 32359 | Shoals:2 | Killed Ilsuiw
 32371 | Shoals:2 | Noticed Frances
 32379 | Shoals:2 | Killed Frances
 34043 | Shoals:4 | Entered Level 4 of the Shoals
 34406 | Shoals:4 | Noticed Donald
 35300 | Shoals:4 | Killed Donald
 35715 | Shoals:4 | Got a barnacled rune of Zot
 36047 | Shoals:4 | Identified the +4 chain mail of Gonycw {rElec rN+ Str+2
                  | Dex+3}
 36343 | Vaults:1 | Entered Level 1 of the Vaults
 37334 | Vaults:1 | Reached XP level 18. HP: 173/173 MP: 21/21
 37692 | Vaults:2 | Noticed Asterion
 37702 | Vaults:2 | Killed Asterion
 38051 | Vaults:2 | Noticed Margery
 38064 | Vaults:2 | Killed Margery
 38376 | Vaults:2 | Noticed Zenata
 38381 | Vaults:2 | Killed Zenata
 38540 | Vaults:2 | Noticed Mara
 38555 | Vaults:2 | Noticed HoaS's illusion
 38843 | Vaults:2 | Found a staircase to the Crypt.
 39113 | Vaults:2 | Noticed HoaS's illusion
 39291 | Vaults:2 | Upgraded the game from 0.31-a0-355-g57cb03d3e8 to
                  | 0.31-a0-358-gac0dbeb3ab
 39521 | Vaults:2 | Killed Mara
 40031 | Vaults:3 | Identified the +1 chain mail of Oxitwug {rPois rF+ rN+
                  | Str+3}
 40398 | Vaults:3 | You fall into a shaft and drop 1 floor!
 40524 | Vaults:4 | Reached XP level 19. HP: 185/185 MP: 22/22
 41109 | Vaults:3 | Noticed Frederick
 41123 | Vaults:3 | Killed Frederick
 41828 | Vaults:4 | Paralysed by an orc knight for 5 turns
 42153 | Vaults:4 | Noticed Mennas
 42186 | Vaults:4 | Killed Mennas
 42648 | Vaults:4 | Paralysed by a great orb of eyes for 2 turns
 43382 | Depths:1 | Entered Level 1 of the Depths
 44225 | Depths:1 | Found Udeosedgh's Jewellery Emporium.
 44308 | Depths:1 | Found Inneow's Book Boutique.
 44653 | Depths:1 | Found Ecutuh's General Store.
 44742 | Depths:1 | Found a gateway to Hell.
 44864 | Depths:1 | Noticed Bai Suzhen
 44873 | Depths:1 | Killed Bai Suzhen
 44874 | Depths:1 | Reached XP level 20. HP: 179/198 MP: 24/24
 44911 | Depths:1 | Found Esoid's Magic Scroll Emporium.
 44919 | Depths:1 | Bought a scroll of teleportation for 54 gold pieces
 44919 | Depths:1 | Bought a scroll of blinking for 135 gold pieces
 45083 | Depths:1 | Identified the +10 halberd of the Black Skies {heavy, rN+
                  | Will+ Int+3 Dex+2}
 45736 | Depths:2 | Paralysed by a vampire knight for 2 turns
 46950 | Depths:2 | Found a one-way gate leading to the halls of Pandemonium.
 47788 | Depths:3 | Found Jyr Qag's Distillery.
 48088 | Depths:3 | Bought a potion of invisibility for 168 gold pieces
 48088 | Depths:3 | Bought a potion of haste for 210 gold pieces
 48088 | Depths:3 | Bought a potion of curing for 63 gold pieces
 48628 | Depths:4 | Entered Level 4 of the Depths
 48658 | Depths:4 | Upgraded the game from 0.31-a0-358-gac0dbeb3ab to
                  | 0.31-a0-360-gb3e1d13bf4
 48812 | Depths:4 | Identified the ring "Idiocrorph" {rPois Str+7}
 49128 | Spider:2 | Killed initializr's ghost
 49146 | Spider:2 | Reached XP level 21. HP: 207/207 MP: 25/25
 49159 | Spider:2 | Identified the +0 cloak of Nofidif {Str+2 Int+5}
 49551 | Depths:4 | Found Pewkionn's Antique Armour Shop.
 49739 | Depths:4 | Found a transporter.
 49807 | Depths:4 | Identified the ring of Atheism {rN+ AC+4 Str+3}
 49849 | Depths:4 | Found a transporter.
 49946 | Depths:4 | Identified the ring of Qaexusy Toun {rF+ Will+ AC+4 Dex+3
                  | Slay+2}
 50079 | Depths:4 | Identified the +1 plate armour of Nihilism {Harm Str-2
                  | SInv}
 50223 | Depths:4 | Noticed a juggernaut
 50279 | Hell     | Entered the Vestibule of Hell
 50279 | Hell     | Noticed Geryon
 50420 | Depths:4 | Found a one-way gateway to a ziggurat.
 50435 | Depths:4 | Identified the +0 scale mail of Tuiblejaidgh {Int+4}
 50842 | Depths:4 | Noticed a caustic shrike
 50850 | Depths:4 | Killed a caustic shrike
 50929 | Depths:4 | Killed a juggernaut
 51080 | Depths:4 | Found a gate to the Realm of Zot.
 51163 | Depths:4 | Noticed Sojobo
 51171 | Depths:4 | Upgraded the game from 0.31-a0-360-gb3e1d13bf4 to
                  | 0.31-a0-364-gb59cdcccf2
 51186 | Depths:4 | Paralysed by an air elemental for 1 turns
 51769 | Elf:1    | Entered Level 1 of the Elven Halls
 51773 | Elf:1    | Paralysed by an air elemental for 1 turns
 52328 | Elf:1    | Paralysed by an air elemental for 1 turns
 52609 | Elf:1    | Got the Compilation of Maleficent Acts
 52796 | Elf:1    | Noticed Roxanne
 52805 | Elf:1    | Killed Roxanne
 53046 | Elf:2    | Found a gateway to a bazaar.
 53055 | Bazaar   | Entered a bazaar
 53055 | Bazaar   | Found Sirokk's Book Shoppe.
 53055 | Bazaar   | Found Qiecs's Jewellery Emporium.
 53097 | Bazaar   | Found Qaurr's Assorted Antiques.
 53113 | Bazaar   | Found Fifienoc's Distillery.
 53136 | Bazaar   | Bought a +6 ring of dexterity for 432 gold pieces
 53140 | Bazaar   | Bought a potion of heal wounds for 65 gold pieces
 53140 | Bazaar   | Bought a potion of curing for 39 gold pieces
 53140 | Bazaar   | Bought a potion of curing for 39 gold pieces
 53154 | Bazaar   | Bought a potion of heal wounds for 180 gold pieces
 53154 | Bazaar   | Bought a scroll of teleportation for 108 gold pieces
 53306 | Elf:2    | Found a runed translucent gate.
 53307 | Elf:2    | Found a runed translucent gate.
 53307 | Elf:2    | Found a runed translucent gate.
 53745 | Elf:2    | Noticed Saint Roka
 53762 | Elf:2    | Killed Saint Roka
 54459 | Elf:2    | Reached XP level 22. HP: 220/220 MP: 26/26
 55420 | Vaults:5 | Entered Level 5 of the Vaults
 55823 | Vaults:5 | Noticed an ancient lich
 56085 | Vaults:4 | Killed an ancient lich
 56850 | Vaults:5 | Noticed a dread lich
 57056 | Vaults:5 | Identified the staff of Dithmenos's Pride {Contam Str+6
                  | Dex+3 Conj}
 57093 | Vaults:5 | Identified the +9 longbow of Certain Death {heavy, Drain
                  | rElec Will+}
 57150 | Vaults:5 | Identified the +5 orcbow of Infection {freeze, Str+5 Int+3
                  | Dex-2}
 57467 | Vaults:5 | Killed a dread lich
 57489 | Vaults:5 | Identified the +4 orcbow of Ru {drain, Will+ Str+5 Dex+3}
 57520 | Vaults:5 | Got a silver rune of Zot
 57565 | Vaults:5 | Identified the +0 plate armour of Resonant Satisfaction
                  | {+Blink}
 57760 | Vaults:5 | Identified the ring "Ureitoun" {rN+ Dex+3 Stlth+}
 57896 | Vaults:5 | Identified the +2 robe of the Enchanted Forest {Str+5
                  | Stlth+}
 58073 | Vaults:5 | Got Sif Muna's Atlas of Nephomancy and Kinetic Energy
 58081 | Vaults:5 | Got Asmodeus's Annotations on Combat Magic
 58715 | Depths:4 | Killed Sojobo
 58947 | Zot:1    | Entered Level 1 of the Realm of Zot
 59018 | Zot:1    | Noticed an orb of fire
 59253 | Hell     | Noticed Murray
 59520 | Crypt:1  | Entered Level 1 of the Crypt
 59831 | Crypt:1  | Reached XP level 23. HP: 229/229 MP: 27/27
 59903 | Crypt:1  | Found a transporter.
 59904 | Crypt:1  | Noticed Dassydak's ghost (adept GrFi)
 60145 | Crypt:1  | Found a transporter.
 61232 | Crypt:3  | Entered Level 3 of the Crypt
 61259 | Crypt:3  | Identified the +2 robe "Jebriy" {-Cast rF+ rN+ Will+}
 61291 | Crypt:3  | Found a staircase to the Tomb.
 61884 | Crypt:3  | Noticed an ancient lich
 61886 | Crypt:3  | Killed an ancient lich
 61894 | Crypt:3  | Identified the ring "Fosotiuch" {Fly rCorr Int+3}
 61897 | Crypt:3  | Got the Anthology of Overcast Conflagration
 61915 | Crypt:3  | Identified the +7 hand axe of Ymuacwur {heavy, +Blink rF-
                  | rC+}
 62403 | Crypt:3  | Identified the ring of the Traitor {rF+ rN+ Will+}
 62866 | Elf:3    | Entered Level 3 of the Elven Halls
 63184 | Elf:3    | Identified the +11 dagger "Pukitorgh" {speed, Str+2}
 63206 | Elf:3    | Identified the +1 hand axe "Vewkaugg" {heavy, Drain Str+6
                  | SInv}
 63546 | Elf:3    | Reached XP level 24. HP: 143/243 MP: 27/27
 63660 | Elf:3    | Identified the +0 chain mail of Wonder {rElec rC+}
 63660 | Elf:3    | Identified the ring "Keafolih" {Ice rN+ Str+4}
 63959 | Elf:3    | Identified the staff "Wieta" {rElec rPois Poison}
 63960 | Elf:3    | Identified the amulet "Dusousse" {Reflect Regen+ SH+5}
 65235 | Depths:1 | Killed Murray
 65388 | Zot:1    | Gained mutation: Armour fits poorly on your strangely
                  | shaped body. [an orb of fire]
 65390 | Depths:4 | Gained mutation: You are vulnerable to cold. (rC-) [an orb
                  | of fire]
 65391 | Depths:4 | Killed an orb of fire
 65706 | Zot:1    | Lost mutation: You are vulnerable to cold. (rC-) [potion of
                  | mutation]
 65706 | Zot:1    | Lost mutation: Armour fits poorly on your strangely shaped
                  | body. [potion of mutation]
 65706 | Zot:1    | Gained mutation: Your muscles are strong. (Str +4, Int/Dex
                  | -1) [potion of mutation]
 65706 | Zot:1    | Gained mutation: You are clumsy. (Dex -2) [potion of
                  | mutation]
 65706 | Zot:1    | Gained mutation: You are resistant to electric shocks.
                  | (rElec) [potion of mutation]
 65826 | Zot:1    | Identified the ring "Nosm" {*Corrode rElec rN+ Int+5}
 66449 | Zot:1    | Identified the +8 long sword of Vuno {heavy, rF+ Int+6}
 66449 | Zot:1    | Identified the amulet of Lady Luck {Faith rC+ MP+9 Dex+5}
 67098 | Zot:1    | Identified the +0 leather armour "Taunauxo" {MP+9}
 67390 | Zot:2    | Noticed an orb of fire
 67392 | Zot:2    | Noticed an orb of fire
 67396 | Zot:2    | Killed from afar by an orb of fire

Illustrated notes

Levels and vault maps discovered:
D:1:      lemuel_arrival_tunnels, layout_basic,
          dilly_ecumenical_altar_fadedgnrine, minmay_misc_feat_pillars,
          nicolae_the_louvre
D:2:      layout_basic, chequers_serial_rivers_micro_a, chequers_hall_statues_y
D:3:      layout_basic, mainiacjoe_overflow_brackets, serial_co_window_serial,
          co_window_paths_a, co_window_of_opportunity_a, co_window_paths_b,
          co_window_paths_a, co_window_paths_a, co_window_unsneaky_path_a,
          co_window_unsneaky_path_b, co_window_broadway_b, co_window_2corner,
          co_window_corner_b, co_window_4corner_b, co_window_4corner_a,
          glass_columns_b, glass_columns_c, chequers_serial_rivers_small_b
D:4:      layout_cave_pools, kennysheep_vampire_church,
          chequers_ossuary_entry_cave, hangedman_minor_gate_pass, uniq_ijyb
D:5:      layout_cave_pools, overflow_temple_1_default, serial_shops,
          nicolae_shop_window_shopping, nrook_uturn
D:6:      layout_loops_ring, minmay_temple_entry_junction, gammafunk_ghost_icy,
          nicolae_letterblocks [nicolae_letter_subblock,
          nicolae_letter_subblock, nicolae_letter_subblock,
          nicolae_letter_subblock, nicolae_letter_subblock,
          nicolae_letter_subblock, nicolae_letter_subblock,
          nicolae_letter_subblock, nicolae_letter_subblock,
          nicolae_letter_subblock, nicolae_letter_subblock,
          nicolae_letter_subblock, nicolae_letter_subblock,
          nicolae_letter_subblock, nicolae_letter_subblock,
          nicolae_letter_subblock, nicolae_letter_subblock,
          nicolae_letter_subblock, nicolae_letter_subblock,
          nicolae_letter_subblock, nicolae_letter_subblock,
          nicolae_letter_subblock, nicolae_letter_subblock,
          nicolae_letter_subblock, nicolae_letter_subblock]
D:7:      layout_basic, kennysheep_mini_moat, uniq_crazy_yiuf_cottage
D:8:      layout_basic, enter_bailey_2
D:9:      layout_rooms, nicolae_overflow_crystal_walls,
          makhleb_altar_promises_db, lair_entry_dummy, gammafunk_ghost_cemetery
D:10:     layout_roguey, grunt_temple_overflow_octagram,
          gammafunk_ghost_spectres, serial_shops, shop, minivault_15,
          nicolae_elevator_lobby_plus
D:11:     layout_basic, orc_0_dummy, uniq_gastronok
D:12:     layout_cross
D:13:     layout_cave_pools, grunt_vaults_entry_fortified, serial_rivers,
          chequers_serial_rivers_room_a, chequers_serial_rivers_small_b,
          chequers_serial_rivers_micro_b, chequers_serial_rivers_micro_c,
          chequers_serial_rivers_small_b, uniq_urug
D:14:     layout_cave_pools, serial_park, serial_park_avenue1,
          serial_park_tiny_pond, serial_park_square3
          [serial_park_minivault_5x5_4], serial_park_tiny_1, serial_park_square3
          [serial_park_minivault_5x5_1], kennysheep_crisscross,
          nicolae_ru_the_path_less_chosen
D:15:     gammafunk_depths_entry_grave, layout_rooms, minmay_misc_feat_enclosed,
          minmay_misc_feat_x, minmay_three_doors
Lair:1:   layout_cave_pods, patterned_corridor, grunt_megastairs_1,
          serial_bayou_shore_b
Lair:2:   layout_gridlike
Lair:3:   layout_roguey, elwin_shoals_entry_rooms, spider_nest_entry_web_field,
          infiniplex_staircase_pool, serial_bayou_shore_b, serial_bayou_shore_b,
          serial_bayou_shore_b
Lair:4:   minmay_guarded_unrand_snakebite, layout_loops_ring
Lair:5:   hellmonk_lair_end_abyssal_woods, layout_loops_ring, slime_entry_1,
          gammafunk_ghost_hydra_chop, minmay_lair_drake_nest
Shoals:1: layout_shoals, nicolae_shoals_cliffside_cave,
          amcnicky_altar_lugonu_corruption
Shoals:2: layout_shoals, nicolae_shoals_kraken_party, uniq_ilsuiw, uniq_frances
Shoals:3: layout_shoals, nicolae_shoals_lost_giant_temple
Shoals:4: shoals_end_grunt_ice, layout_shoals, nzn_prometheus_bound, uniq_donald
Spider:1: layout_chambers
Spider:2: layout_cave_pods, gammafunk_ghost_arena
Spider:3: layout_spider_delve
Spider:4: spider_rune_water, uniq_arachne
Orc:1:    layout_caves, minmay_orc_temple_c
Orc:2:    grunt_orc_gardens, layout_caves, grunt_orc_garden, grunt_orc_garden,
          grunt_orc_garden, grunt_orc_garden, serial_shops,
          nicolae_shop_advertising_works [nicolae_subvault_shop_adworks],
          uniq_nessos
Elf:1:    nicolae_elf_arrival_aired_out, layout_gridlike,
          portal_ice_cave_entry_frozen_things, minmay_elf_necromancy,
          serial_sigils_hangedman_gut, dreamdust_wishing_well,
          hangedman_glass_teeth, dilly_guarded_unrand_elemental_staff,
          uniq_roxanne
Elf:2:    nicolae_elf_blades_crystal_corner, layout_loops_corners, serial_shops,
          freezing_bzr, nrook_loot_triangle, uniq_saint_roka
Elf:3:    nooodl_elf_gasket, layout_geoelf_octagon
Vaults:1: nicolae_vaults_twisting_passages, ontoclasm_vaults_chip,
          nicolae_vaults_trapezoid_layered, nicolae_vaults_tetromino_L_1,
          v_misc_13, nicolae_vaults_bisected_slash, ontoclasm_vaults_pinch,
          layout_vaults_omnigrid
Vaults:2: nicolae_vaults_cochlea, st_octagons_2, nicolae_vaults_turnstiles,
          nicolae_vaults_variable_pillar_hall, v_misc_30,
          dpeg_vaults_monster_row, vaults_room_ringed_pool, serial_ice_b,
          ontoclasm_vaults_bender, nicolae_vaults_big_ls, vaults_dpeg_cross,
          vaults_room_door_ring, ontoclasm_vaults_eye,
          nicolae_vaults_trapezoid_lopsided_3, layout_vaults_omnibox,
          minmay_crypt_entry_skeletal_spiral, uniq_margery, uniq_zenata,
          uniq_mara, uniq_asterion
Vaults:3: v_misc_27, nicolae_vaults_surprise_closet_hard,
          ontoclasm_vaults_twist, v_misc_33, v_misc_10,
          nicolae_vaults_stepped_doors, vaults_dpeg_hooks,
          hangedman_vaults_stretched_pinwheel, v_misc_26, layout_vaults_ring,
          uniq_frederick
Vaults:4: vaults_dpeg_encased_lava, nicolae_vaults_storage_closets_3,
          nicolae_vaults_network_s, hangedman_vaults_impose,
          nicolae_vaults_what_the_h, vaults_room_fancy_cross,
          ontoclasm_vaults_gallery, vaults_room_stairs_pillars,
          vaults_dpeg_ring, v_misc_27, nicolae_vaults_trapezoid_lopsided_1,
          vaults_mumra_hexcomb, layout_vaults_omnicross, uniq_mennas
Vaults:5
Crypt:1:  layout_misc_corridors, gammafunk_ghost_mausoleum, grunt_ministairs_2,
          grunt_crypt_arrival_split
Crypt:2:  layout_chaotic_city, minivault_24, minivault_11, nzn_life_drinkers
Crypt:3:  due_elkab, layout_chaotic_city
Depths:1: layout_gridlike, abyss_entry, serial_shops,
          nicolae_book_shop_shelving, shop_scrolls, nicolae_shop_peninsula,
          shop, kennysheep_donut, hangedman_coc_ice_floe, hangedman_aviary,
          uniq_bai_suzhen
Depths:2: kennysheep_snake, layout_cave_pools, pf_hell_entry_great_geh,
          grunt_pan_entry_in_and_out, tso_altar, infiniplex_staircase_pool_1
Depths:3: minmay_roctagon, layout_basic, abyss_entry_small_statue_room,
          hell_entry, minmay_misc_feat_diagonals, serial_shops, shop_statue
Depths:4: hangedman_spin_cycle, hell_entry
Hell
Zot:1:    minmay_elemental_castle, layout_gridlike, st_large_dragon_hoard_1
Zot:2:    layout_basic, lemuel_lake_of_fire

Skill      XL: |  1  2  3  4  5  6  7  8  9 10 11 12 13 14 15 16 17 18 19 20 21 22 23 |
---------------+----------------------------------------------------------------------+-----
Ranged Weapons | 4 5 6 8 9 11 14 16 18 20 21 22 23 24 25 | 25.8
Dodging        | 3 11 14 16 18 19 20 21 22 23 24 25 | 25.7
Fighting       | 2 6 8 11 15 16 18 20 21 22 23 24 25 | 25.9
Stealth        | |  0.8

Action                     |  1- 3 |  4- 6 |  7- 9 | 10-12 | 13-15 | 16-18 | 19-21 | 22-24 || total
---------------------------+-------+-------+-------+-------+-------+-------+-------+-------++-------
  Melee: Arbalest          |       |       |       |       |       |     3 |       |       ||     3
   Fire: Shortbow          |   102 |   213 |   399 |       |       |       |       |       ||   714
         Orcbow            |       |       |   107 |   724 |  1182 |       |       |       ||  2013
         Arbalest          |       |       |       |       |   160 |   552 |       |       ||   712
         Longbow           |       |       |       |       |       |  1039 |  1922 |  1351 ||  4312
  Evoke: Wand              |       |       |     1 |       |       |       |       |       ||     1
    Use: Scroll            |     6 |     7 |     8 |     8 |    14 |    13 |     6 |     6 ||    68
         Potion            |       |       |     9 |       |     4 |     9 |     5 |     9 ||    36
 Armour: Leather armour    |     7 |    33 |     8 |       |       |       |       |       ||    48
         Steam dragon scal |       |       |    39 |    31 |    65 |   102 |   141 |    54 ||   432
  Dodge: Dodged            |    26 |    70 |   147 |   159 |   703 |  1311 |  1017 |   966 ||  4399
  Block: Other             |       |       |       |       |       |       |       |    22 ||    22
         Reflection        |       |       |       |       |       |       |       |     2 ||     2

Table legend: (Time is in decaauts)
 A = Elapsed time spent in this place.
 B = Non-inter-level travel time spent in this place.
 C = Inter-level travel time spent in this place.
 D = Time resting spent in this place.
 E = Time spent auto-exploring this place.
 F = Levels seen in this place.
 G = Mean time per level.
                   A        B        C        D        E       F      G
               +--------+--------+--------+--------+--------+-----+--------+
         Total |  66675 |  58265 |   8410 |  13361 |  33794 |  51 | 1307.4 |
       Dungeon |  15955 |  13385 |   2570 |   1999 |   9325 |  15 | 1063.7 |
          Lair |   7449 |   6313 |   1136 |   1312 |   4010 |   5 | 1489.8 |
        Shoals |   5666 |   5061 |    605 |   1563 |   2554 |   4 | 1416.5 |
   Spider Nest |   6550 |   5913 |    637 |   1554 |   3120 |   4 | 1637.5 |
  Orcish Mines |   2181 |   1964 |    217 |    786 |    831 |   2 | 1090.5 |
   Elven Halls |   4502 |   4255 |    247 |   1119 |   2385 |   3 | 1500.7 |
        Vaults |   9758 |   8647 |   1111 |   2508 |   4443 |   5 | 1951.6 |
         Crypt |   3196 |   2978 |    218 |    199 |   2025 |   3 | 1065.3 |
        Depths |   8270 |   6625 |   1645 |   1541 |   3689 |   4 | 2067.5 |
          Hell |     22 |     21 |      1 |      0 |      0 |   1 |   22.0 |
           Zot |   2074 |   2057 |     17 |    471 |   1050 |   2 | 1037.0 |
        Bazaar |    107 |    107 |      0 |      0 |     68 |   1 |  107.0 |
       Ossuary |    323 |    323 |      0 |     36 |    129 |   1 |  323.0 |
        Bailey |    615 |    615 |      0 |    268 |    162 |   1 |  615.0 |
               +--------+--------+--------+--------+--------+-----+--------+

Top non-repeatable levels by time:
Vaults:4: 2978 daAuts
Vaults:2: 2537 daAuts
Depths:4: 2306 daAuts
Depths:3: 2287 daAuts
Depths:2: 2197 daAuts
Spider:4: 1848 daAuts
Spider:1: 1844 daAuts
   Zot:1: 1818 daAuts
  Lair:5: 1778 daAuts
Shoals:3: 1728 daAuts
  Lair:3: 1721 daAuts
   Elf:2: 1697 daAuts
Shoals:2: 1578 daAuts
   Elf:3: 1554 daAuts
Vaults:1: 1547 daAuts
